Map: Emerald City LE

Players

AmNeSia - Winner!

  • Race: Zerg Zerg
  • League: Diamond
  • Spawn Location: 11:00

enjoiXcookie - Winner!

  • Race: Zerg Zerg
  • League: Gold
  • Spawn Location: 11:00

Faust

  • Race: Zerg Zerg
  • League: Diamond
  • Spawn Location: 5:00

Throwfordays

  • Race: Protoss Protoss
  • League: Silver
  • Spawn Location: 5:00

VOD

Have the link to the VOD?

Description

Time

  • Played on: April 15, 2019, 11:48 p.m.
  • Length: 11:30
Show
View Real Time Build Order
Export as new Build Order

AmNeSia Zerg - Winner!

Build Orders: Hatch First, Muta Ling Bane 

Get SALT Encoding   

  12  0:01  Drone  
  13  0:13  Overlord  
  13  0:17  Drone  
  14  0:31  Drone x2  
  14  0:35  Drone  
  17  0:46  Drone  
  18  0:59  Hatchery  
  18  1:03  Drone  
  18  1:05  Extractor  
  18  1:06  Drone  
  18  1:19  Spawning Pool  
  18  1:23  Drone  
  18  1:32  Drone  
  19  1:42  Overlord  
  19  1:50  Drone  
  20  2:01  Drone  
  21  2:06  Queen  
  23  2:10  Queen  
  23  2:13  Drone x2  
  27  2:20  Metabolic Boost  
  27  2:22  Drone  
  28  2:24  Drone  
  29  2:32  Drone  
  29  2:36  Extractor, Overlord  
  29  2:44  Drone  
  29  2:45  Drone  
  31  2:55  Drone x2  
  31  2:58  Lair  
  33  3:02  Extractor  
  33  3:03  Extractor  
  31  3:06  Drone  
  31  3:07  Drone  
  33  3:17  Drone x4  
  37  3:25  Drone x3  
  40  3:28  Drone x2  
  42  3:39  Overlord x2  
  42  3:47  Zergling x2  
  42  3:48  Zergling x2  
  44  3:52  Overlord  
  44  3:57  Spire  
  44  4:00  Zergling x4  
  46  4:10  Zergling x10  
  50  4:17  Zergling x2  
  50  4:18  Baneling Nest  
  50  4:21  Drone  
  51  4:24  Drone x2  
  51  4:25  Drone  
  51  4:27  Zergling x2  
  55  4:33  Zergling x2  
  55  4:48  Evolution Chamber  
  55  4:49  Drone  
  55  4:50  Evolution Chamber  
  55  4:51  Hatchery  
  53  4:57  Drone x3  
  53  4:58  Drone  
  52  5:16  Zergling x10  
  52  5:17  Zergling x2  
  57  5:29  Drone x2  
  54  5:43  Mutalisk x3  
  54  5:46  Zerg Ground Armor Level 1  
  54  5:48  Zerg Melee Weapons Level 1  
  54  5:49  Mutalisk x2  
  60  5:50  Mutalisk x2  
  68  6:03  Queen, Overlord  
  70  6:04  Drone  
  70  6:05  Drone  
  70  6:09  Zerg Flyer Weapons Level 1  
  70  6:10  Mutalisk  
  74  6:24  Mutalisk x3  
  74  6:25  Mutalisk x2  
  78  6:27  Drone  
  78  6:28  Drone  
  78  6:29  Drone  
  81  6:39  Overlord x3  
  81  6:46  Extractor  
  81  6:47  Zergling x2  
  81  6:49  Extractor  
  81  6:50  Overlord x2  
  81  6:52  Overlord  
  81  6:53  Drone  
  81  6:57  Drone x2  
  81  6:58  Drone  
  86  7:01  Drone x2  
  86  7:03  Drone  
  86  7:04  Drone  
  82  7:38  Mutalisk  
  82  7:39  Mutalisk x7  
  82  7:40  Mutalisk  
  82  7:42  Corruptor  
  100  7:47  Zergling x12  
  106  7:54  Zerg Missile Weapons Level 1  
  106  7:55  Roach Warren  
  106  7:56  Zergling x6  
  108  8:10  Zergling x6  
  111  8:13  Zergling x2  
  111  8:14  Zergling x2  
  113  8:20  Zergling x4  
  114  8:33  Zergling x8  
  114  8:34  Zergling x6  
  117  8:38  Overseer  
  116  8:47  Roach x2  
  116  8:48  Roach x2  
  124  8:57  Corruptor x3  
  128  9:03  Drone  
  128  9:04  Drone  
  128  9:09  Overlord  
  130  9:12  Overlord x2  
  130  9:19  Baneling x5  
  130  9:20  Baneling x11, Hatchery  
  129  9:31  Overlord  
  129  9:32  Overlord  
  129  9:33  Corruptor  
  129  9:37  Centrifical Hooks  
  131  9:40  Corruptor  
  131  9:43  Overseer  
  131  9:44  Drone x2  
  135  10:03  Lair  
  135  10:05  Zergling x10  
  140  10:14  Mutalisk x4  
  144  10:21  Zergling x6  
  144  10:28  Drone x2  
  149  10:39  Mutalisk x2  
  145  10:56  Corruptor x4  
  145  10:57  Corruptor  
Show
View Real Time Build Order
Export as new Build Order

enjoiXcookie Zerg - Winner!

Build Orders: Hatch First, Roach Nydus 

Get SALT Encoding   

  12  0:01  Drone  
  13  0:12  Overlord  
  13  0:17  Drone  
  14  0:31  Drone x2  
  14  0:34  Drone  
  17  0:56  Hatchery  
  16  0:58  Drone  
  17  1:04  Extractor, Drone  
  17  1:07  Drone  
  18  1:20  Spawning Pool  
  17  1:26  Overlord  
  17  1:32  Drone  
  17  1:39  Drone  
  19  1:50  Drone  
  20  2:00  Drone  
  21  2:07  Roach Warren  
  20  2:09  Metabolic Boost  
  20  2:11  Zergling x2  
  20  2:14  Queen  
  23  2:25  Drone x3  
  23  2:29  Drone  
  27  2:53  Lair  
  27  2:56  Overlord  
  27  2:57  Zergling x6  
  27  2:58  Zergling x2  
  31  3:02  Drone  
  31  3:05  Extractor  
  31  3:12  Drone x2  
  33  3:19  Queen  
  35  3:20  Overlord  
  35  3:33  Roach x3  
  41  3:36  Drone  
  42  3:51  Nydus Network  
  42  3:54  Roach  
  43  4:19  Roach x3  
  43  4:20  Overlord x2  
  43  4:21  Drone x2  
  51  4:24  Drone  
  51  4:28  Spine Crawler  
  51  4:32  Drone  
  51  4:35  Overlord  
  52  4:42  Nydus Canal  
  52  4:47  Roach  
  52  4:48  Roach  
  52  4:51  Drone x2  
  52  4:52  Overlord  
  58  5:07  Roach x4  
  61  5:19  Drone, Roach  
  61  5:20  Roach x2  
  61  5:35  Roach x2  
  65  5:43  Hydralisk Den  
  64  5:51  Roach x5  
  64  5:54  Overlord x2  
  74  5:58  Extractor  
  71  6:13  Hatchery  
  69  6:20  Grooved Spines  
  69  6:24  Evolution Chamber  
  69  6:25  Roach x3  
  74  6:49  Ravager  
  74  6:50  Ravager  
  74  6:53  Hydralisk x2  
  80  6:56  Zergling x6  
  77  7:23  Ravager x3  
  72  7:36  Roach x5  
  80  7:39  Drone x4  
  82  8:02  Roach x6  
  81  8:29  Roach x7  
  81  8:32  Drone  
  81  8:33  Drone  
  81  8:34  Queen  
  87  8:41  Drone x3  
  85  8:49  Zerg Missile Weapons Level 1  
  83  9:00  Roach  
  83  9:01  Roach x2  
  71  9:11  Roach  
  71  9:14  Hydralisk  
  71  9:15  Hydralisk x4  
  71  9:17  Drone x4  
  79  9:24  Drone x3  
  84  9:31  Muscular Augments, Hydralisk  
  84  9:36  Hydralisk  
  88  9:42  Drone  
  88  9:44  Extractor  
  88  9:45  Drone x2  
  90  9:46  Drone  
  91  9:55  Hydralisk x3  
  91  9:57  Drone x3  
  91  9:58  Drone x3  
  103  10:12  Overlord x4  
  103  10:13  Overlord  
  103  10:18  Spore Crawler  
  102  10:24  Extractor  
  102  10:25  Extractor, Spore Crawler  
  99  10:31  Spore Crawler  
  99  10:33  Spore Crawler  
  99  10:34  Hydralisk x2  
  101  10:39  Hydralisk x2  
  101  10:42  Zergling x2  
  106  10:47  Overlord x2  
Show
View Real Time Build Order
Export as new Build Order

Faust Zerg 

Build Orders: Hatch First, Zergling Baneling 

Get SALT Encoding   

  12  0:01  Drone  
  13  0:08  Drone  
  13  0:14  Extractor  
  13  0:16  Drone  
  15  0:22  Overlord  
  15  0:43  Drone x2  
  17  0:53  Hatchery  
  17  0:57  Drone  
  17  1:01  Extractor  
  17  1:02  Drone  
  17  1:17  Spawning Pool  
  16  1:21  Drone  
  17  1:25  Drone  
  17  1:28  Drone  
  19  1:38  Overlord  
  19  2:04  Queen x2  
  19  2:07  Drone  
  19  2:08  Drone x2  
  26  2:11  Metabolic Boost  
  26  2:16  Drone  
  27  2:24  Drone x2  
  27  2:28  Drone  
  30  2:31  Overlord  
  30  2:37  Drone  
  31  2:49  Lair  
  31  2:52  Drone x2  
  31  2:53  Drone  
  34  3:08  Zergling x4  
  37  3:12  Baneling Nest, Drone  
  37  3:14  Zergling x6  
  37  3:17  Drone x2  
  41  3:25  Drone x2  
  41  3:27  Extractor  
  42  3:28  Drone x2  
  42  3:29  Extractor  
  43  3:42  Extractor  
  43  3:43  Drone x2  
  43  3:45  Overlord  
  44  4:06  Zergling x2  
  44  4:07  Zergling x6  
  46  4:13  Zergling x2  
  46  4:14  Zergling x4  
  48  4:22  Baneling  
  48  4:23  Baneling x4  
  48  4:24  Zergling x2  
  48  4:25  Zergling x4  
  48  4:27  Overlord  
  51  4:46  Baneling x3  
  51  4:47  Drone x3  
  51  4:48  Drone x3  
  48  5:21  Zergling x2  
  48  5:22  Zergling x12  
  48  5:27  Zergling x6  
  51  5:35  Evolution Chamber  
  51  5:36  Spire  
  49  5:45  Drone x3  
  52  5:51  Drone x3  
  52  5:53  Hatchery  
  54  5:58  Queen  
  56  6:06  Baneling x3  
  50  6:24  Drone x3  
  44  6:27  Spore Crawler  
  44  6:28  Drone x2  
  44  6:29  Drone x2  
  47  6:36  Queen  
  47  6:37  Queen  
  52  6:40  Drone x4  
  52  6:45  Overlord  
  52  6:46  Overlord  
  55  7:07  Mutalisk  
  55  7:08  Corruptor x7  
  70  7:42  Zergling x2  
  70  7:43  Zergling x10  
  72  7:52  Zergling x6  
  72  7:53  Zergling x2, Corruptor x2  
  71  8:07  Mutalisk x2  
  71  8:09  Overlord x2  
  71  8:10  Overlord x2  
  74  8:18  Zergling x2  
  74  8:20  Zerg Missile Weapons Level 1  
  74  8:21  Zergling x2  
  70  8:30  Zergling x2  
  70  8:31  Zerg Flyer Weapons Level 1  
  70  8:32  Zergling x2  
  70  8:35  Queen  
  70  8:37  Zergling x2  
  70  8:38  Zergling x4  
  72  9:03  Zergling x12  
  72  9:06  Extractor, Hatchery  
  72  9:07  Mutalisk  
  72  9:08  Extractor  
  76  9:11  Queen  
  76  9:13  Queen  
  80  9:18  Drone x2  
  76  10:03  Zergling x2, Corruptor x8  
  85  10:21  Corruptor x3  
  75  10:28  Corruptor x2  
  80  10:53  Corruptor x2  
  80  10:56  Drone x2  
Show
View Real Time Build Order
Export as new Build Order

Throwfordays Protoss 

Build Orders:  

Get SALT Encoding   

  12  0:01  Probe  
  13  0:13  Probe  
  14  0:23  Pylon  
  14  0:25  Probe  
  15  0:45  Gateway  
  15  0:49  Probe  
  15  0:53  Assimilator  
  15  0:57  Pylon, Probe  
  17  1:14  Probe  
  18  1:22  Probe  
  18  1:30  Probe  
  19  1:37  Cybernetics Core  
  20  1:40  Pylon  
  20  1:42  Probe  
  21  2:04  Probe  
  21  2:07  Nexus  
  22  2:12  Pylon  
  22  2:24  Robotics Facility  
  22  2:25  Warp Gate  
  22  2:30  Stalker  
  24  2:45  Assimilator, Probe  
  25  2:59  Gateway  
  25  3:10  Adept  
  27  3:13  Immortal  
  27  3:17  Probe  
  27  3:25  Probe  
  32  3:32  Probe  
  34  3:34  Probe  
  35  3:49  Forge  
  35  3:51  Probe  
  35  3:54  Probe  
  37  4:03  Probe  
  37  4:05  Immortal  
  37  4:06  Probe  
  43  4:15  Probe  
  43  4:17  Assimilator, Probe  
  43  4:24  Probe  
  45  4:29  Probe  
  47  4:35  Immortal  
  47  4:42  Sentry  
  47  4:43  Sentry  
  39  5:16  Probe  
  40  5:25  Probe  
  41  5:30  Probe  
  41  5:33  Probe  
  42  5:42  Probe x2  
  45  5:50  Probe  
  45  5:54  Probe  
  47  5:58  Probe  
  47  6:01  Protoss Ground Weapons Level 1  
  48  6:06  Probe  
  48  6:08  Assimilator, Probe  
  48  6:10  Immortal  
  54  6:13  Pylon  
  54  6:23  Pylon  
  54  6:27  Probe  
  54  6:31  Probe  
  56  6:36  Photon Cannon, Probe  
  56  6:39  Pylon  
  57  6:43  Probe  
  58  6:47  Photon Cannon  
  58  6:48  Probe  
  58  6:50  Stalker x2  
  58  6:53  Photon Cannon  
  63  6:55  Probe  
  63  7:00  Probe  
  65  7:12  Probe  
  65  7:14  Photon Cannon  
  64  7:17  Photon Cannon, Stalker  
  64  7:18  Stalker  
  50  7:48  Cybernetics Core  
  50  7:50  Pylon  
  48  7:55  Pylon  
  46  8:07  Pylon  
  46  8:10  Zealot  
  44  8:23  Photon Cannon  
  44  8:27  Gateway  
  44  8:28  Gateway  
  44  8:30  Pylon  
  44  8:33  Pylon  
  30  8:39  Stalker  
  20  8:53  Probe  
  19  9:05  Probe  
  19  9:06  Probe  
  21  9:14  Protoss Ground Armor Level 1, Probe  
  21  9:15  Immortal  
  21  9:17  Probe  
  21  9:22  Pylon  
  21  9:24  Probe  
  23  9:25  Pylon  
  23  9:29  Probe  
  25  9:36  Probe  
  26  9:41  Probe  
  26  9:42  Stalker x2  
  26  9:44  Probe  
  31  9:49  Probe  
  31  9:52  Probe  
  32  9:54  Immortal  
  32  9:57  Probe  
  38  10:02  Probe  
  40  10:07  Probe  
  40  10:12  Probe  
  41  10:20  Probe x2  
  44  10:28  Probe  
  44  10:32  Probe  
  44  10:34  Nexus  
  46  10:40  Pylon, Probe  
  47  10:48  Pylon  
  47  10:52  Pylon, Stalker  
  47  10:53  Probe  
  47  10:56  Adept  
  34  11:16  Stalker  
  34  11:17  Stalker  
Tags
 
Add a new tag
Caveats
  • Supply blocks, unpowered buildings, or Contaminate may cause inaccurate times.
  • Supply counts are checked every 10 seconds.